 Dungeon Crawl Stone Soup version 0.27-a0-1071-ga85bd9520d (webtiles) character file.

Game seed: 861100382783113887

201 1player the Insei (level 5, -1/35 HPs)
             Began as an Octopode Transmuter on Apr 24, 2021.
             Was an Initiate of Dithmenos.
             Slain by a black bear (3 damage)
             ... on level 4 of the Dungeon.
             The game lasted 00:08:20 (3282 turns).

1player the Insei (Octopode Transmuter)             Turns: 3282, Time: 00:08:21

Health: -1/35      AC:  1    Str: 10    XL:     5   Next: 79%
Magic:  8/8        EV: 17    Int: 16    God:    Dithmenos [......]
Gold:   219        SH:  0    Dex: 12    Spells: 5/8 levels left

rFire    . . .     SeeInvis .     - Unarmed
rCold    . . .     Faith    .   (no shield)
rNeg     . . .     Spirit   .   (helmet restricted)
rPois    .         Reflect  .   (no amulet)
rElec    .         Harm     .   h - +4 ring of evasion
rCorr    .         Rampage  .   (no ring)
Will     .....                  (no ring)
Stlth    ++........             (no ring)
HPRegen  0.11/turn              (no ring)
MPRegen  0.11/turn              (no ring)
                                (no ring)
                                (no ring)

@: no status effects
A: almost no armour, amphibious, 8 rings, camouflage 1, gelatinous body 1,
(nimble swimmer 1), tentacles
a: Renounce Religion


You were on level 4 of the Dungeon.
You worshipped Dithmenos.
Dithmenos was noncommittal.
You visited 1 branch of the dungeon, and saw 4 of its levels.

You collected 219 gold pieces.

Inventory:

Missiles
 e - 20 poisoned darts (quivered)
 f - 14 atropa-tipped darts
Jewellery
 h - a +4 ring of evasion (left tentacle)
Wands
 p - a wand of paralysis (10)
Scrolls
 a - a scroll of immolation {unknown}
 d - a scroll of fog {unknown}
 g - a scroll of enchant armour {unknown}
 l - a scroll of summoning {unknown}
 m - a scroll of teleportation {unknown}
 n - a scroll of fear {unknown}
Potions
 b - 4 potions of curing {@q1}
 i - a potion of flight {unknown}
 j - 2 potions of brilliance {unknown}
 k - a potion of mutation {!q}
 o - a potion of degeneration {unknown}


   Skills:
 + Level 2.7 Fighting
 + Level 3.2 Dodging
 * Level 4.9 Unarmed Combat
 - Level 2.0 Spellcasting
 - Level 2.0 Transmutations


You had 5 spell levels left.
You knew the following spells:

 Your Spells              Type           Power      Damage    Failure   Level
q - Beastly Appendage     Tmut           16%        N/A       9%          1
z - Wereblood             Tmut           8%         N/A       14%         2

Your spell library contained the following spells:

 Spells                   Type           Power      Damage    Failure   Level
 Spider Form              Tmut/Pois      2%         N/A       38%         3
 Ice Form                 Ice/Tmut       4%         N/A       80%         4
 Hydra Form               Tmut           4%         N/A       94%         5


Dungeon Overview and Level Annotations

Branches:
Dungeon (4/15)
 Temple: D:4-7

Altars:
Dithmenos


Innate Abilities, Weirdness & Mutations

You cannot wear most types of armour.
You are amphibious.
You can wear up to eight rings at the same time.
Your skin changes colour to match your surroundings (Stealth+).
Your rubbery body absorbs attacks. (AC +1, EV +1)
((You are camouflaged near water. (Stealth+)))
You have tentacles for arms and can constrict up to eight enemies at once.


Message History

Throw: 21 darts (poison)
Press: ? - help, Q - select action, (/) - cycle Shift-Dir - straight line, f/p - black bear
Aim: a black bear (lightly wounded, poisoned, 65% to hit)
You throw a poisoned dart. The poisoned dart hits the black bear.
The black bear looks even sicker.
The black bear is lightly wounded.
Casting: Beastly Appendage (safe; 9% risk of failure)
Confirm with . or Enter, or press ? or * to list all spells.
One of your tentacles grows a vicious spike.
Your transformation is almost over.
You barely miss the black bear. You grab the black bear.
The black bear is lightly wounded.
You constrict the black bear. The black bear bites you!
The black bear misses you. x2
You tentacle-slap the black bear.
The black bear is moderately wounded.
You constrict the black bear. The black bear closely misses you.
The black bear claws you. The black bear barely misses you.
You tentacle-slap the black bear.
You pierce the black bear.
You squeeze the black bear.
The black bear is heavily wounded.
You constrict the black bear, but do no damage.
The black bear closely misses you. x2; The black bear claws you.
You completely miss the black bear.
The black bear is heavily wounded.
You constrict the black bear.
The black bear goes berserk!
You release your grip on the black bear.
The black bear rages.
The black bear misses you. x2; The black bear completely misses you.
The black bear completely misses you. The black bear claws you.
The black bear closely misses you.
Your tentacle spike disappears.
The black bear closely misses you. The black bear claws you.
The black bear closely misses you.
The black bear looks more healthy.
The black bear rages.
The black bear bites you!
* * * LOW HITPOINT WARNING * * *
The black bear claws you.
You die...

#..........#.#....#.......#.....#
#..........#.#....####.#.........
...........#...#.................
...............#.##..............
...........##..#.#...............
#......#.........#.รท.............
#.........)....#.#.....#.........
#................#...............
#...............@##.#########.###
#...............h##.# #.#
...............#....# #+#
.....###########.#### ..... ...#.#
..... ####.#.### ..##. #.....>..#
#.#....### #..<##


You could see a black bear (berserk).

Vanquished Creatures
  2 scorpions
  An adder (D:2)
  A shadow imp (D:1)
  3 worms (D:2)
  2 dart slugs
  3 ball pythons
  3 endoplasms
  3 giant cockroaches
  10 hobgoblins
  2 jackals (D:1)
  7 kobolds
  A quokka (D:2)
  6 bats
  6 goblins
  4 rats
54 creatures vanquished.

Vanquished Creatures (others)
  4 toadstools (D:1)
4 creatures vanquished.

Grand Total: 58 creatures vanquished

Notes
Turn   | Place    | Note
-------+----------+-------------------------------------------
     0 | D:1      | 1player the Octopode Transmuter began the quest for the
                  | Orb.
     0 | D:1      | Reached XP level 1. HP: 13/13 MP: 3/3
   218 | D:1      | Found a faded altar of an unknown god.
   240 | D:1      | Reached XP level 2. HP: 14/18 MP: 3/5
  1667 | D:2      | Noticed a scorpion
  1702 | D:2      | Reached XP level 3. HP: 23/23 MP: 4/6
  1708 | D:2      | Learned a level 2 spell: Wereblood
  2009 | D:2      | Killed a scorpion
  2010 | D:2      | Reached skill level 4 in Unarmed Combat
  2010 | D:2      | Reached XP level 4. HP: 30/30 MP: 5/7
  2268 | D:3      | Reached XP level 5. HP: 29/35 MP: 6/8
  3164 | D:4      | Found a shadowy altar of Dithmenos.
  3167 | D:4      | Became a worshipper of Dithmenos the Shadowed
  3265 | D:4      | Noticed a black bear
  3282 | D:4      | Slain by a black bear

Illustrated notes

Levels and vault maps discovered:
D:1:      ldierk_water_garden, layout_loops_ring, basic_ecumenical_altar
D:2:      layout_rooms
D:3:      layout_rooms
D:4:      minmay_octagon_keep, layout_basic, kennysheep_mini,
          ebering_ghost_disaster_area

Skill      XL: |  1  2  3  4  5 |
---------------+----------------+-----
Fighting       | 2 |  2.7
Unarmed Combat | 4 |  4.9
Dodging        | 3 |  3.2
Spellcasting   | |  2.0
Transmutations | |  2.0

Action                   |  1- 3 |  4- 6 || total
-------------------------+-------+-------++-------
Melee: Unarmed           |    74 |    44 ||   118
       Kick              |    22 |     8 ||    30
       Constrict         |    22 |    13 ||    35
       Tentacles         |    12 |     5 ||    17
       Punch             |       |     1 ||     1
Throw: Dart              |     7 |    10 ||    17
 Cast: Beastly Appendage |    24 |    13 ||    37
       Wereblood         |       |     2 ||     2
  Use: Scroll            |       |     2 ||     2
 Stab: Sleeping          |     6 |     2 ||     8
Armor: Skin              |     4 |     2 ||     6
Dodge: Dodged            |    46 |    32 ||    78

Table legend: (Time is in decaauts)
 A = Elapsed time spent in this place.
 B = Non-inter-level travel time spent in this place.
 C = Inter-level travel time spent in this place.
 D = Time resting spent in this place.
 E = Time spent auto-exploring this place.
 F = Levels seen in this place.
 G = Mean time per level.
                   A        B        C        D        E       F      G
               +--------+--------+--------+--------+--------+-----+--------+
         Total |   3275 |   3139 |    136 |   1023 |   1185 |   4 |  818.8 |
       Dungeon |   3275 |   3139 |    136 |   1023 |   1185 |   4 |  818.8 |
               +--------+--------+--------+--------+--------+-----+--------+

Top non-repeatable levels by time:
     D:1: 1406 daAuts
     D:2: 838 daAuts
     D:3: 607 daAuts
     D:4: 422 daAuts
